 Dungeon Crawl Stone Soup version 0.25-a0-308-geac79542e2 (webtiles) character file.

Game seed: 15939761172362949753, levelgen mode: deterministic

126 IrvingSpaghetti the Firebug (level 4, -1/35 HPs)
             Began as a Draconian Fire Elementalist on Dec 22, 2019.
             Killed from afar by an orc wizard (2 damage)
             ... with a puff of flame
             ... on level 3 of the Dungeon.
             The game lasted 00:18:10 (2712 turns).

IrvingSpaghetti the Firebug (DrFE)                  Turns: 2712, Time: 00:18:10

Health: -1/35      AC:  5    Str:  9 (10) XL:     4   Next: 84%
Magic:  1/8        EV: 12    Int: 15 (16) God:
Gold:   100        SH:  0    Dex:  9 (12) Spells: 1/8 levels left

rFire    . . .     SeeInvis .   a - +1 dagger
rCold    . . .     Gourm    .   (no shield)
rNeg     . . .     Faith    .   (armour unavailable)
rPois    .         Spirit   .   (helmet restricted)
rElec    .         Reflect  .   (no cloak)
rCorr    .         Harm     +   (no gloves)
MR       .....                  (no boots)
Stlth    ++........             l - amulet of harm
HPRegen  0.11/turn              (no ring)
MPRegen  0.11/turn              (no ring)

@: lethally poisoned (-1 -> -4), very slightly contaminated
A: unfitting armour, cold-blooded, AC +5
a: no special abilities


You were on level 3 of the Dungeon.
You were not hungry.

You visited 1 branch of the dungeon, and saw 4 of its levels.

You collected 100 gold pieces.

Inventory:

Hand Weapons
 a - a +1 dagger (weapon)
Armour
 i - +0 fire dragon scales
 j - a +0 pair of boots
Jewellery
 l - an amulet of harm (around neck)
Scrolls
 e - 3 scrolls of identify
 g - a scroll of fog
Potions
 f - 2 potions of degeneration
Comestibles
 b - 2 rations
 k - 3 chunks of flesh


   Skills:
 * Level 1.0 Fighting
 - Level 2.0 Dodging
 - Level 2.0 Stealth
 + Level 2.7 Spellcasting
 + Level 2.4 Conjurations
 + Level 4.2 Fire Magic


You had one spell level left.
You knew the following spells:

 Your Spells              Type           Power        Failure   Level  Hunger
a - Foxfire               Conj/Fire      ##..         5%          1    #......
b - Conjure Flame         Conj/Fire      ##......     16%         3    ###....
c - Inner Flame           Hex/Fire       #.......     26%         3    ###....

Your spell library contained the following spells:

 Spells                   Type           Power        Failure   Level  Hunger
 Sticky Flame             Conj/Fire      ##......     45%         4    #####..
 Fireball                 Conj/Fire      ##........   82%         5    ######.


Dungeon Overview and Level Annotations

Branches:
Dungeon (4/15)
 Temple: D:4-7

Altars:
Trog

Annotations:
D:3 Ijyb


Innate Abilities, Weirdness & Mutations

Your plain brown scales are hard. (AC +5)
You cannot fit into any form of body armour.
You are cold-blooded and may be slowed by cold attacks.


Message History

The adder poisons you!
* * * LOW HITPOINT WARNING * * *
You feel sick.
* * * LOW HITPOINT WARNING * * *
You feel sick.
Casting: Foxfire (safe; 5% risk of failure)
Confirm with . or Enter, or press ? or * to list all spells.
You conjure some foxfire!
The adder bites you.
* * * LOW HITPOINT WARNING * * *
The adder closely misses you.
* * * LOW HITPOINT WARNING * * *
You feel sick.
The foxfire hits the adder.
The adder is heavily wounded.
The foxfire hits the adder.
You kill the adder!
* * * LOW HITPOINT WARNING * * *
You feel sick.
A puff of flame appears from out of thin air!
The puff of flame hits you.
You die...

#.#.#.....#......####
##.#.......+.......#
#..###.....#####..{#
#.#..............>.#
#.#.##############.# #.#.#
#.......# #.# #.#.#
#.....#.###.# #
#.#.########.#...#.#
#..#.#.#.......@...{..####.#
#......#.##########........#
#.##.#...............#######
#.#.#.#.#########........
#.#.#.# ########..######
#.#.#.. ..........# #.#.####
#########.# #.#.# #.# #.#.#
#.#


There were no monsters in sight!

Vanquished Creatures
  An orc priest (D:3)
  2 adders (D:3)
  A worm (D:2)
  3 dart slugs
  3 leopard geckos
  2 orcs (D:3)
  8 bats
  A giant cockroach (D:1)
  12 goblins
  6 hobgoblins
  3 jackals (D:2)
  8 kobolds
  2 quokkas (D:2)
  A ball python (D:1)
  4 frilled lizards
  5 rats
62 creatures vanquished.

Vanquished Creatures (others)
  149 foxfires
149 creatures vanquished.

Grand Total: 211 creatures vanquished

Notes
Turn   | Place    | Note
-------+----------+-------------------------------------------
     0 | D:1      | IrvingSpaghetti the Draconian Fire Elementalist began the
                  | quest for the Orb.
     0 | D:1      | Reached XP level 1. HP: 14/14 MP: 3/3
   216 | D:1      | Reached XP level 2. HP: 18/20 MP: 3/5
   796 | D:1      | Reached XP level 3. HP: 25/26 MP: 3/6
   834 | D:1      | Learned a level 3 spell: Conjure Flame
  1815 | D:2      | Reached skill level 4 in Fire Magic
  2263 | D:2      | Found a bloodstained altar of Trog.
  2475 | D:3      | Reached XP level 4. HP: 34/34 MP: 3/7
  2606 | D:3      | Learned a level 3 spell: Inner Flame
  2655 | D:3      | Reached skill level 1 in Fighting
  2686 | D:3      | Noticed Ijyb
  2709 | D:3      | HP: 1/35 [poisoned by an adder]
  2712 | D:3      | Killed from afar by an orc wizard

Levels and vault maps discovered:
D:1:      dpeg_arrival_refuge, layout_loops_corners
D:2:      minmay_spotlight, layout_loops_ring, marbit_many_paths,
          amethyst_killhole, minivault_11
D:3:      layout_basic, grunt_qazlal_clouds, chequers_ecumenical_altar_simple,
          uniq_purgy, uniq_robin, uniq_ijyb
D:4:      layout_basic, nicolae_ru_great_annihilating_truth, old_standard_altar,
          nicolae_alphabet_shops

Skill      XL: |  1  2  3  4 |
---------------+-------------+-----
Dodging        | 2 |  2.0
Stealth        | 2 |  2.0
Fire Magic     | 4 |  4.2
Conjurations   | 2 |  2.4
Fighting       | 1 |  1.0
Spellcasting   | |  2.7

Action                   |  1- 3 |  4- 6 || total
-------------------------+-------+-------++-------
Melee: Dagger            |    53 |       ||    53
       Tailslap          |     3 |       ||     3
 Cast: Foxfire           |    82 |    18 ||   100
       Conjure Flame     |    10 |     1 ||    11
  Use: Scroll            |       |     5 ||     5
       Potion            |       |     2 ||     2
 Stab: Sleeping          |     2 |       ||     2
  Eat: Chunk             |     7 |     1 ||     8
Armor: Skin              |    56 |     6 ||    62
Dodge: Dodged            |    92 |    16 ||   108

Table legend:
 A = Non-vault XP
 B = Vault XP
 C = Vault XP percentage of total XP
 D = Non-vault monster count
 E = Vault monster count
 F = Vault count percentage of total count
                 A         B        C        D         E       F
            +---------+---------+-------+---------+---------+-------
      Total |     170 |      11 |   6.1 |      57 |       5 |   8.1
            +---------+---------+-------+---------+---------+-------
        D:1 |      47 |       0 |   0.0 |      24 |       0 |   0.0
        D:2 |      38 |      11 |  22.4 |      22 |       5 |  18.5
        D:3 |      85 |       0 |   0.0 |      11 |       0 |   0.0
            +---------+---------+-------+---------+---------+-------
